 Dungeon Crawl Stone Soup version 0.31-a0-435-g2c6fae2916 (webtiles) character file.

Game seed: 13477940344264725800

137 Maxmaps the Sneak (level 5, -3/55 HPs)
             Began as an Octopode Shapeshifter on Aug 2, 2023.
             Slain by an orc
             ... wielding a +0 whip of electrocution
              (16 damage)
             ... on level 3 of the Dungeon.
             The game lasted 00:01:46 (1525 turns).

Maxmaps the Sneak (Octopode Shapeshifter)           Turns: 1525, Time: 00:01:47

Health: -3/55      AC: 22    Str: 14    XL:     5   Next: 20%
Magic:  5/5        EV:  2    Int: 12    God:
Gold:   87         SH:  7    Dex: 13    Spells: 4/4 levels left

rFire   . .          .
                       - Unarmed
rCold   . . .        i - +0 kite shield
rNeg    . . .        (helmet currently unavailable)
rPois   +            c - amulet of magic regeneration
rElec   .            (no ring)
rCorr   .            (no ring)
SInv    .            (no ring)
Will    .....        (no ring)
Stlth   +            (no ring)
HPRegen 0.29/turn    (no ring)
MPRegen 0.49/turn    (no ring)
                     (no ring)

%: no passive effects
@: tree-form (expiring), silenced
A: stationary, stasis, torment immunity, boosted hp, almost no armour,
(amphibious), 8 rings, (camouflage 1), (gelatinous body 1), (nimble swimmer 1),
(tentacles)
a: no special abilities


You were on level 3 of the Dungeon.
You were a tree.
You visited 1 branch of the dungeon, and saw 3 of its levels.

You collected 87 gold pieces.

Inventory:

Armour
 i - a +0 kite shield (worn)
Jewellery
 c - an amulet of magic regeneration (around neck)
 e - a ring of fire
Talismans
 b - a beast talisman
Scrolls
 h - a scroll of poison {unknown}
Potions
 d - a potion of resistance {unknown}
 f - 2 potions of curing {unknown}


   Skills:
 + Level 3.9 Fighting
 - Level 2.0 Dodging
 - Level 4.0 Stealth
 - Level 3.0 Unarmed Combat
 - Level 3.0 Shapeshifting


You had 4 spell levels left.
You didn't know any spells.
Your spell library contained the following spells:

 Spells                   Type           Power      Damage    Failure   Level
 Hailstorm                Conj/Ice       0%         3d3       98%         3
 Summon Ice Beast         Ice/Summ       0%         N/A       100%        4
 Simulacrum               Ice/Necr       0%         N/A       100%        6


Dungeon Overview and Level Annotations

Branches:
Dungeon (3/15)

Altars:


Innate Abilities, Weirdness & Mutations

You are a tree.
Your roots penetrate the ground, keeping you stationary.
You cannot be teleported.
You are immune to unholy pain and torment.
Your maximum health is greatly increased.
You cannot wear most types of armour.
((You are amphibious.))
You can wear up to eight rings at the same time.
((Your skin changes colour to match your surroundings (Stealth+).))
((Your rubbery body absorbs attacks. (AC +1, EV +1)))
((You are camouflaged when in or above water. (Stealth+)))
((You have tentacles for arms and can constrict up to eight enemies at once.))


Message History

Something hits you but does no damage. The orc barely misses you.
You block the ice beast's attack.
You closely miss the ice beast.
The ice beast is heavily wounded.
Something hits you but does no damage. The orc hits you but does no damage.
You block the ice beast's attack.
You smack the ice beast!
The ice beast is severely wounded.
The ice beast hits you but does no damage.
Something hits you.
The orc hits you with a +0 whip of electrocution.
You are electrocuted!
* * * LOW HITPOINT WARNING * * *
Something hits you but does no damage.
The ice beast hits you but does no damage.
You block the orc's attack. The orc hits you but does no damage.
You barely miss the ice beast.
The ice beast is severely wounded.
Something hits you but does no damage. You block the ice beast's attack.
The orc hits you but does no damage. x2
You smack the ice beast!
You kill the ice beast!
Something hits you but does no damage. The orc hits you but does no damage. x2
Your Fighting skill gained 2 levels and is now at level 3!
You have reached level 4!
You have reached level 5!
You feel agile.
You barely miss the orc.
Your transformation is almost over.
The orc hits you but does no damage. Something hits you but does no damage.
The orc hits you but does no damage. You block the orc's attack.
You smack the orc!
You kill the orc!
Something hits you but does no damage. The orc hits you with a +0 club.
* * * LOW HITPOINT WARNING * * *
The orc hits you but does no damage.
You closely miss the orc. Something hits you.
* * * LOW HITPOINT WARNING * * *
The orc hits you but does no damage. x2; You are electrocuted!
You die...

#. .. .... # ##
##.#.# ...#### #.#.
....# ......
###.#.####.####.#.##
....................
................#
................#
........o{b..##.#
........♣#...##<#
....#+##)o...####
... .......... ..
####.##### . #..
###. .. ..


You could see 2 orcs and a bat.

Vanquished Creatures
  An ice beast (D:3)
  2 dart slugs
  2 orcs (D:3)
  6 bats
  3 endoplasms
  A giant cockroach (D:1)
  5 hobgoblins
  4 kobolds (D:1)
  A quokka (D:1)
  3 ball pythons
  5 frilled lizards
  6 rats
39 creatures vanquished.

Notes
Turn   | Place    | Note
-------+----------+-------------------------------------------
     0 | D:1      | Maxmaps the Octopode Shapeshifter began the quest for the
                  | Orb.
     0 | D:1      | Reached XP level 1. HP: 13/13 MP: 1/1
    61 | D:1      | Reached skill level 1 in Stealth
   105 | D:1      | Reached skill level 2 in Stealth
   198 | D:1      | Reached XP level 2. HP: 18/18 MP: 2/2
   276 | D:1      | Reached skill level 3 in Stealth
   635 | D:1      | Reached XP level 3. HP: 23/23 MP: 3/3
   750 | D:2      | Reached skill level 4 in Stealth
  1507 | D:3      | Noticed an ice beast
  1522 | D:3      | Killed an ice beast
  1523 | D:3      | Reached XP level 4. HP: 13/33 MP: 4/4
  1523 | D:3      | Reached XP level 5. HP: 15/37 MP: 5/5
  1525 | D:3      | Slain by an orc

Illustrated notes

Levels and vault maps discovered:
D:1:      scummos_arrival_checkerplants, layout_loops_cross, minmay_tripent
D:2:      layout_basic
D:3:      minmay_wonky_spiral, layout_basic, cheibrodos_sewer_entry_bend,
          uniq_grinder

Skill      XL: |  1  2  3 |
---------------+----------+-----
Stealth        | 2 3 4 |  4.0
Fighting       | 3 |  3.9
Dodging        | |  2.0
Unarmed Combat | |  3.0
Shapeshifting  | |  3.0

Action                     |  1- 3 |  4- 6 || total
---------------------------+-------+-------++-------
  Melee: Unarmed           |    75 |     3 ||    78
         Constrict         |    17 |       ||    17
         Tentacles         |    12 |       ||    12
         Punch             |     1 |       ||     1
    Use: Scroll            |     1 |       ||     1
         Potion            |     1 |       ||     1
   Stab: Sleeping          |    13 |       ||    13
         Distracted        |     1 |       ||     1
 Armour: Skin              |    31 |     7 ||    38
  Dodge: Dodged            |    27 |       ||    27
  Block: Kite shield       |    11 |     1 ||    12

Table legend: (Time is in decaauts)
 A = Elapsed time spent in this place.
 B = Non-inter-level travel time spent in this place.
 C = Inter-level travel time spent in this place.
 D = Time resting spent in this place.
 E = Time spent auto-exploring this place.
 F = Levels seen in this place.
 G = Mean time per level.
                   A        B        C        D        E       F      G
               +--------+--------+--------+--------+--------+-----+--------+
         Total |   1523 |   1470 |     53 |      0 |   1189 |   3 |  507.7 |
       Dungeon |   1523 |   1470 |     53 |      0 |   1189 |   3 |  507.7 |
               +--------+--------+--------+--------+--------+-----+--------+

Top non-repeatable levels by time:
     D:2: 768 daAuts
     D:1: 722 daAuts
     D:3: 33 daAuts
